 Dungeon Crawl Stone Soup version 0.32-a0-705-g60f233581c (webtiles) character file.

Game seed: 18168690294492869948

1552 BeKind the Blocker (level 8, -8/55 HPs)
             Began as an Octopode Fighter on Mar 14, 2024.
             Was an Initiate of Gozag.
             Mangled by a gnoll sergeant
             ... wielding a +1 spear of flaming
              (12 damage)
             ... on level 6 of the Dungeon.
             The game lasted 00:08:00 (6665 turns).

BeKind the Blocker (Octopode Fighter)               Turns: 6665, Time: 00:08:01

Health: -8/55      AC:  5    Str: 22    XL:     8   Next: 88%
Magic:  8/8        EV: 13    Int: 10    God:    Gozag
Gold:   167        SH:  6    Dex: 13    Spells: 4/7 levels left

rFire   . . .        a - +0 trident
rCold   . . .        b - +0 buckler
rNeg    . . .        (helmet restricted)
rPois   .            (no amulet)
rElec   .            d - +4 ring of protection
rCorr   .            q - +6 ring of strength
SInv    .            (no ring)
Will    .....        (no ring)
Stlth   ++           (no ring)
HPRegen 0.29/turn    (no ring)
MPRegen 0.11/turn    (no ring)
                     (no ring)

%: no passive effects
@: about to teleport, gold aura
A: almost no armour, amphibious, 8 rings, camouflage 1, gelatinous body 1,
(nimble swimmer 1), tentacles
a: Renounce Religion, Potion Petition, Call Merchant, Bribe Branch


You were on level 6 of the Dungeon.
You worshipped Gozag.
Gozag was aware of your devotion.
You visited 2 branches of the dungeon, and saw 8 of its levels.

You collected 266 gold pieces.
You paid 99 gold pieces to Gozag.

Inventory:

Hand Weapons
 a - a +0 trident (weapon)
 p - a +0 short sword of distortion
Armour
 b - a +0 buckler (worn)
Jewellery
 d - a +4 ring of protection (left tentacle)
 q - a +6 ring of strength (right tentacle)
Wands
 o - a wand of polymorph (15)
Scrolls
 c - a scroll of fear
 h - a scroll of amnesia
 l - 3 scrolls of teleportation
 n - a scroll of brand weapon
 r - a scroll of immolation {unknown}
 t - 6 scrolls of identify
Potions
 e - a potion of curing
 f - a potion of mutation {unknown}
 g - a potion of attraction {unknown}
 i - 4 potions of degeneration {unknown}
 j - 2 potions of invisibility {unknown}
 k - a potion of haste {unknown}
 m - 4 potions of heal wounds {unknown}
 s - 3 potions of brilliance {unknown}


   Skills:
 - Level 5.0 Fighting
 - Level 4.1 Polearms
 - Level 5.0 Dodging
 + Level 9.0 Shields


You had 4 spell levels left.
You knew the following spells:

 Your Spells              Type           Power      Damage    Failure   Level
a - Summon Ice Beast      Ice/Summ       0%         N/A       78%         3

Your spell library contained the following spells:

 Spells                   Type           Power      Damage    Failure   Level
 Magic Dart               Conj           0%         1d3       41%         1
 Sting                    Conj/Alch      0%         1d3       41%         1
 Blink                    Tloc           0%         N/A       54%         2
 Call Imp                 Summ           0%         N/A       54%         2
 Cigotuvi's Dreadful Rot  Necr/Alch/Air  0%         N/A       54%         2
 Lesser Beckoning         Tloc           0%         N/A       54%         2
 Mercury Vapours          Alch/Air       0%         N/A       54%         2
 Momentum Strike          Conj/Tloc      0%         3d8       54%         2
 Sublimation of Blood     Necr           0%         N/A       54%         2
 Gell's Gravitas          Tloc           0%         N/A       78%         3
 Teleport Other           Tloc           0%         N/A       78%         3
 Dispel Undead            Necr           0%         3d6       99%         4
 Martyr's Knell           Necr/Summ      0%         N/A       99%         4
 Olgreb's Toxic Radiance  Alch           0%         N/A       99%         4
 Summon Mana Viper        Hex/Summ       0%         N/A       100%        5
 Conjure Ball Lightning   Conj/Air       0%         3x3d6     100%        6
 Monstrous Menagerie      Summ           0%         N/A       100%        7
 Summon Hydra             Summ           0%         N/A       100%        7
 Discord                  Hex            0%         N/A       100%        8
 Disjunction              Tloc           0%         N/A       100%        8


Dungeon Overview and Level Annotations

Branches:
Dungeon (7/15)             Temple (1/1) D:6

Altars:
Ashenzari
Cheibriados
Dithmenos
Elyvilon
Fedhas
Gozag
Hepliaklqana
Kikubaaqudgha
Makhleb
Nemelex Xobeh
Okawaru
Qazlal
Ru
Sif Muna
Trog
Uskayaw
Vehumet
Wu Jian
Xom
Yredelemnul
Zin
The Shining One

Shops:
D:1 [


Innate Abilities, Weirdness & Mutations

You cannot wear most types of armour.
You are amphibious.
You can wear up to eight rings at the same time.
Your skin changes colour to match your surroundings (Stealth+).
Your rubbery body absorbs attacks. (AC +1, EV +1)
((You are camouflaged when in or above water. (Stealth+)))
You have tentacles for arms and can constrict up to eight enemies at once.


Message History

The gnoll sergeant closely misses you.
You release your grip on the gnoll.
The gnoll sergeant attacks as it pursues you!
The gnoll sergeant hits you from afar with a +1 spear of flaming.
The gnoll sergeant burns you.
You puncture the gnoll! You grab the gnoll.
The gnoll is almost dead.
You constrict the gnoll.
You kill the gnoll!
The gnoll sergeant hits you from afar with a +1 spear of flaming.
The gnoll sergeant burns you.
You reach to attack!
You puncture the gnoll sergeant!
The gnoll sergeant is moderately wounded.
The gnoll sergeant misses you.
You reach to attack!
You hit the gnoll sergeant but do no damage.
The gnoll sergeant is moderately wounded.
The gnoll sergeant closely misses you.
You reach to attack!
You hit the gnoll sergeant but do no damage.
The gnoll sergeant is moderately wounded.
The gnoll sergeant hits you from afar with a +1 spear of flaming!
The gnoll sergeant burns you.
You are too injured to fight recklessly!
You are too injured to fight recklessly!
Reach: a) +0 trident
Press: ? - help, Dir - move target, f/p - gnoll sergeant
Aim: a gnoll sergeant, wielding a +1 spear of flaming, wearing a +0 scale mail and wearing a +0 buckler (moderately wounded, about 32% to evade your +0 trident)
You reach to attack!
You hit the gnoll sergeant.
The gnoll sergeant is heavily wounded.
The gnoll sergeant hits you from afar with a +1 spear of flaming!
* * * LOW HITPOINT WARNING * * *
The gnoll sergeant burns you.
* * * LOW HITPOINT WARNING * * *
Okay, then.
As you read the scroll of teleportation, it crumbles to dust.
You feel strangely unstable.
The gnoll sergeant hits you from afar with a +1 spear of flaming!
You die...
Your body crumbles into a pile of gold.

#.....###....................#
#..... ##..............#####
#.....# ##............##
#....# ##...........## #.....#
#..#.........# #.....
#g.##....##...# .....#
##g####..####...# .....#
##.$## #### #..... .....#
###...@# #.... .....#
##......## #....
.....#####...##...## # ....
.......#....####...######...
.. ..####.....## ##...#.......
#### ##...## #...........
##ß#####.## ##..########.
≈~_#...#.## ##...# ~..##.....#
##...##


You could see a gnoll sergeant and a gnoll.

Vanquished Creatures
  An ice beast (D:7)
  A sky beast (D:7)
  2 black bears (D:5)
  2 ogres (D:5)
  A centaur (D:6)
  2 bullfrogs (D:6)
  A scorpion (D:5)
  A howler monkey (D:5)
  3 hounds
  2 jellies (D:6)
  2 bombardier beetles
  3 orc priests
  2 sleepcaps
  3 orc wizards
  2 iguanas
  10 gnolls
  5 adders
  A white imp (D:6)
  4 ufetubi (D:5)
  A ribbon worm (D:2)
  2 dart slugs
  9 orcs
  2 bats
  7 endoplasms
  3 giant cockroaches
  3 hobgoblins
  5 ball pythons
  A frilled lizard (D:1)
  5 kobolds
  4 rats
90 creatures vanquished.

Notes
Turn   | Place    | Note
-------+----------+-------------------------------------------
     0 | D:1      | BeKind the Octopode Fighter began the quest for the Orb.
     0 | D:1      | Reached XP level 1. HP: 16/16 MP: 1/1
   255 | D:1      | Reached XP level 2. HP: 21/21 MP: 2/2
   687 | D:1      | Found Teuneg's Armour Boutique.
   951 | D:2      | Found a faded altar of an unknown god.
   978 | D:2      | Noticed a bombardier beetle
  1119 | D:3      | Found a blossoming altar of Fedhas.
  1250 | D:3      | Reached XP level 3. HP: 26/26 MP: 3/3
  1313 | D:3      | Found a radiant altar of Vehumet.
  1341 | D:3      | You fall into a shaft and drop 2 floors!
  1341 | D:5      | Entered Level 5 of the Dungeon
  1665 | D:4      | Reached XP level 4. HP: 8/31 MP: 4/4
  1923 | D:4      | Found a stormy altar of Qazlal.
  1957 | D:4      | Learned a level 3 spell: Summon Ice Beast
  1982 | D:4      | Reached XP level 5. HP: 35/37 MP: 5/5
  2445 | D:3      | Found a sparkling altar of Nemelex Xobeh.
  2960 | D:2      | Reached skill level 4 in Shields
  3428 | D:4      | Noticed a black bear
  3482 | D:5      | Reached XP level 6. HP: 43/43 MP: 6/6
  4096 | D:5      | Noticed a black bear
  4122 | D:5      | Killed a black bear
  4123 | D:5      | Reached XP level 7. HP: 45/49 MP: 7/7
  4223 | D:5      | Reached skill level 5 in Fighting
  4223 | D:5      | Reached skill level 5 in Dodging
  4228 | D:5      | Reached skill level 5 in Shields
  4255 | D:5      | Noticed a +0 spear
  4255 | D:5      | Noticed a +0 dagger
  4255 | D:5      | Noticed a +0 falchion
  4256 | D:5      | Noticed a +0 short sword
  4256 | D:5      | Noticed a +0 short sword
  4256 | D:5      | Noticed a +0 falchion
  4256 | D:5      | Noticed a +0 spear
  4257 | D:5      | Noticed a +0 dagger
  4258 | D:5      | Found a hide-covered altar of Uskayaw.
  4298 | D:5      | Reached skill level 6 in Shields
  4617 | D:6      | Reached XP level 8. HP: 34/55 MP: 8/8
  4795 | D:7      | Reached skill level 7 in Shields
  5168 | D:6      | Reached skill level 8 in Shields
  6094 | D:6      | Found a staircase to the Ecumenical Temple.
  6107 | Temple   | Entered the Ecumenical Temple
  6128 | Temple   | Became a worshipper of Gozag Ym Sagoz the Greedy
  6621 | D:6      | Found a hazy altar of Hepliaklqana.
  6621 | D:6      | Found a shimmering altar of Xom.
  6621 | D:6      | Found a glowing silver altar of Zin.
  6645 | D:6      | Reached skill level 9 in Shields
  6665 | D:6      | Mangled by a gnoll sergeant

Illustrated notes

Levels and vault maps discovered:
D:1:      lemuel_arrival_lava_pool, layout_basic, serial_shops, shop
D:2:      layout_basic, nicolae_ecumenical_pavilion
D:3:      layout_loops_ring, mainiacjoe_overflow_tiny_flanked,
          nicolae_vehumet_altar_sigil, nemelex_spade_bored_becter,
          minmay_misc_feat_roman, kennysheep_boxes
D:4:      layout_loops_corners, grunt_qazlal_sundering
D:5:      layout_layer_cave, nicolae_uskayaw_en_pointe,
          chequers_serial_rivers_room_a, nrook_uturn,
          chequers_serial_rivers_micro_c
D:6:      layout_layer_cave, gammafunk_temple_overflow_claw,
          minmay_temple_entry_junction_2, portal_sewer_entry_a,
          minmay_fire_ice_demons
D:7:      layout_loops_ring
Temple:   dpeg_chambers_temple

Skill      XL: |  1  2  3  4  5  6  7  8 |
---------------+-------------------------+-----
Polearms       | 3 4 |  4.1
Fighting       | 4 5 |  5.0
Dodging        | 4 5 |  5.0
Shields        | 4 6 9 |  9.0

Action                     |  1- 3 |  4- 6 |  7- 9 || total
---------------------------+-------+-------+-------++-------
  Melee: Trident           |    58 |    85 |   121 ||   264
         Constrict         |    10 |    21 |    21 ||    52
         Tentacles         |     5 |    21 |    23 ||    49
    Use: Potion            |       |     3 |       ||     3
         Scroll            |       |       |     6 ||     6
   Stab: Sleeping          |    12 |     1 |     1 ||    14
         Distracted        |       |       |     1 ||     1
 Armour: Skin              |    14 |    54 |    93 ||   161
  Dodge: Dodged            |    13 |    58 |    76 ||   147
  Block: Buckler           |     4 |    19 |    47 ||    70

Table legend: (Time is in decaauts)
 A = Elapsed time spent in this place.
 B = Non-inter-level travel time spent in this place.
 C = Inter-level travel time spent in this place.
 D = Time resting spent in this place.
 E = Time spent auto-exploring this place.
 F = Levels seen in this place.
 G = Mean time per level.
                   A        B        C        D        E       F      G
               +--------+--------+--------+--------+--------+-----+--------+
         Total |   6711 |   6371 |    340 |   1610 |   3865 |   8 |  838.9 |
       Dungeon |   6668 |   6368 |    300 |   1610 |   3865 |   7 |  952.6 |
        Temple |     42 |      2 |     40 |      0 |      0 |   1 |   42.0 |
               +--------+--------+--------+--------+--------+-----+--------+

Top non-repeatable levels by time:
     D:7: 1234 daAuts
     D:4: 1105 daAuts
     D:5: 1027 daAuts
     D:1: 957 daAuts
     D:2: 808 daAuts
     D:6: 790 daAuts
     D:3: 745 daAuts
  Temple: 42 daAuts
